 Dungeon Crawl Stone Soup version 0.28-a0-1130-gc51a68064b (webtiles) character file.

Game seed: 14231901872704322304

31478 dolemite99 the Cleaver (level 13, -1/118 HPs)
             Began as a Deep Dwarf Fighter on Dec 13, 2021.
             Was an Elder of Makhleb.
             Slain by a komodo dragon (18 damage)
             ... on level 4 of the Lair of Beasts.
             The game lasted 00:36:10 (15858 turns).

dolemite99 the Cleaver (Deep Dwarf Fighter)        Turns: 15858, Time: 00:36:10

Health: -1/118     AC: 17    Str: 23    XL:     13   Next: 26%
Magic:  4/4        EV:  7    Int: 11    God:    Makhleb [****..]
Gold:   1708       SH: 12    Dex: 12    Spells: 12/12 levels left

rFire   + + .      SeeInvis .   b - +5 fustibalus (flame)
rCold   + . .      Faith    .   M - +1 kite shield {reflect}
rNeg    . . .      Spirit   .   S - +1 chain mail {rF+}
rPois   .          Reflect  +   s - +2 hat {Stlth+}
rElec   .          Harm     .   B - scarf {rC+ rF+}
rCorr   .          Rampage  .   E - +2 pair of gloves
Will    +....                   (no boots)
Stlth   ..........              (no amulet)
HPRegen 0.00/turn               (no ring)
MPRegen 0.09/turn               (no ring)

@: no status effects
A: damage resistance, heal wounds, sense surroundings 2, no regeneration
a: Heal Wounds, Renounce Religion, Minor Destruction, Lesser Servant of Makhleb,
Major Destruction


You were on level 4 of the Lair of Beasts.
You worshipped Makhleb.
Makhleb was greatly pleased with you.
You visited 3 branches of the dungeon, and saw 16 of its levels.

You collected 2035 gold pieces.
You spent 327 gold pieces at shops.

Inventory:

Hand Weapons
 a - a +3 war axe
 b - a +5 fustibalus of flaming (weapon)
 d - a +0 hunting sling
 h - a +0 dagger of pain
 k - a +2 mace of holy wrath
 l - a +1 mace of protection
 u - a +0 whip of venom
 x - a +2 whip of draining
 F - a +0 glaive of venom
 G - a +0 war axe
 I - a +0 dagger
 R - a +0 hand crossbow
Missiles
 e - 554 stones
 f - 4 atropa-tipped darts
 g - 212 sling bullets (quivered ammo)
 p - 20 boomerangs
 t - 28 poisoned darts
 y - 63 bolts
 A - 212 arrows
 C - 2 curare-tipped darts
 H - 2 throwing nets
Armour
 r - a +1 chain mail of cold resistance
 s - a +2 hat of stealth (worn)
 B - a scarf of resistance (worn)
 E - a +2 pair of gloves (worn)
 M - a +1 kite shield of reflection (worn)
 S - a +1 chain mail of fire resistance (worn)
Jewellery
 W - a +6 ring of strength
Wands
 z - a wand of polymorph (19)
 K - a wand of iceblast (4)
 P - a wand of charming (3)
 U - a wand of paralysis (3)
Scrolls
 c - 2 scrolls of identify {@r1}
 j - a scroll of silence
 L - 2 scrolls of summoning
 N - 2 scrolls of amnesia
 Q - 3 scrolls of teleportation
 T - a scroll of blinking
Potions
 i - 5 potions of lignification
 m - a potion of haste
 n - 2 potions of magic {unknown}
 o - a potion of resistance
 q - 6 potions of mutation
 v - 4 potions of attraction
 w - 2 potions of brilliance
 D - 2 potions of flight
 J - 3 potions of curing
 O - a potion of cancellation {unknown}
 X - 2 potions of heal wounds
Miscellaneous
 V - a box of beasts (inert)


   Skills:
 - Level 8.5 Fighting
 - Level 13.2 Axes
 - Level 9.2 Slings
 - Level 7.8 Armour
 + Level 10.6 Shields
 + Level 12.1 Invocations
 - Level 7.0 Evocations


You had 12 spell levels left.
You didn't know any spells.
Your spell library contained the following spells:

 Spells                   Type           Power      Damage    Failure   Level
 Sublimation of Blood     Necr           0%         N/A       99%         2
 Wereblood                Tmut           0%         N/A       99%         2
 Dazzling Flash           Conj/Hex       0%         N/A       100%        3
 Portal Projectile        Hex/Tloc       0%         N/A       100%        3
 Tukima's Dance           Hex            0%         N/A       100%        3
 Passage of Golubria      Tloc           0%         N/A       100%        4
 Agony                    Necr           0%         N/A       100%        5
 Blade Hands              Tmut           0%         N/A       100%        5
 Excruciating Wounds      Necr           0%         N/A       100%        5
 Silence                  Hex/Air        0%         N/A       100%        5
 Summon Forest            Summ/Tloc      0%         N/A       100%        5
 Summon Mana Viper        Hex/Summ       0%         N/A       100%        5
 Yara's Violent Unravell  Hex/Tmut       0%         3d3       100%        5
 Summon Cactus Giant      Summ           0%         N/A       100%        6
 Summon Hydra             Summ           0%         N/A       100%        7


Dungeon Overview and Level Annotations

Branches:
Dungeon (11/15)            Temple (1/1) D:6            Lair (4/6) D:11
  Swamp (0/4) Lair:2        Snake (0/4) Lair:2          Orc (0/2) D:10

Altars:
Ashenzari
Cheibriados
Dithmenos
Elyvilon
Fedhas
Gozag
Hepliaklqana
Kikubaaqudgha
Makhleb
Okawaru
Qazlal
Ru
Sif Muna
Trog
Uskayaw
Vehumet
Wu Jian
Xom
Yredelemnul
Zin
The Shining One

Shops:
D:3 (   D:5 [   D:10 [

Annotations:
D:5 2 transporters, Foxy's ghost, novice VSTm
D:8 exclusion: door
D:9 3 runed translucent doors


Innate Abilities, Weirdness & Mutations

You are resistant to damage.
You can heal yourself by infusing magical energy.
You passively map the area around you.
You do not regenerate.


Message History

Your body is wracked with pain!
* * * LOW HITPOINT WARNING * * *
It was a scroll of torment.
X - 2 potions of heal wounds Your +5 fustibalus of flaming bursts into flame!
b - a +5 fustibalus of flaming (weapon)
You now have 1708 gold pieces (gained 18).
A komodo dragon comes into view.
The komodo dragon hisses angrily.
Fire: 214 sling bullets
Press: ? - help, Q - select action, (/) - cycle Shift-Dir - straight line, f - komodo dragon
Aim: a komodo dragon (74% to hit)
You shoot a sling bullet.
The sling bullet closely misses the komodo dragon.
Fire: 213 sling bullets
Press: ? - help, Q - select action, (/) - cycle Shift-Dir - straight line, f/p - komodo dragon
Aim: a komodo dragon (74% to hit)
You shoot a sling bullet.
The sling bullet barely misses the komodo dragon.
Aiming: Minor Destruction (0% risk of failure)
Press: ? - help, Shift-Dir - straight line, f/p - komodo dragon
Aim: a komodo dragon The komodo dragon struggles to resist.
Aiming: Minor Destruction (0% risk of failure)
Press: ? - help, Shift-Dir - straight line, f/p - komodo dragon
Aim: a komodo dragon The glob of acid misses the komodo dragon.
Aiming: Minor Destruction (0% risk of failure)
Press: ? - help, Shift-Dir - straight line, f/p - komodo dragon
Aim: a komodo dragon The puff of flame hits the komodo dragon.
The komodo dragon is lightly wounded.
Aiming: Minor Destruction (0% risk of failure)
Press: ? - help, Shift-Dir - straight line, f/p - komodo dragon
Aim: a komodo dragon (lightly wounded)
The glob of acid hits the komodo dragon!
The acid corrodes the komodo dragon!
The komodo dragon is heavily wounded.
The komodo dragon bites you!!
You die...

########## #####
##P..#.P#.####.#.#
#...............##
#...............#
#...............# ####
#...............# * *
#..####...............#
*,
......#...........#P.##
,
..........P.....@#####
, ........#.......l###
,, ,
........#..........# ,,
,, , ,
..........P......### ,
.................# , ,*
.................# *,
......##..#......P* , ,
, .....## #..#...#(.# *
, ....[. .......... *
,, , ,,


You could see a komodo dragon (corroded).

Vanquished Creatures
  Gastronok (D:8)
  Harold (D:9)
  3 hydras
  3 two-headed ogres
  Pikel (D:7)
  2 cyclopes (D:10)
  7 centaur zombies
  2 gargoyles
  Joseph (D:8)
  An unseen horror (D:10)
  3 cane toads
  A kobold demonologist (D:9)
  5 komodo dragons
  A polar bear (Lair:4)
  2 trolls (D:10)
  8 blink frogs
  Prince Ribbit (Lair:2)
  A slime creature (D:10)
  A shadow (D:10)
  Sigmund (D:2)
  2 wyverns
  23 yaks
  4 steam dragons
  2 basilisks
  An acid dragon (D:11)
  3 wargs (D:11)
  6 water moccasins
  2 nagas (Lair:2)
  13 orc warriors
  An ice beast (D:6)
  A sky beast (D:5)
  A black bear (D:6)
  3 ogres
  8 wolves
  9 centaurs
  2 lemures (D:7)
  3 phantoms
  3 kobold brigands
  9 bullfrogs
  2 gnoll sergeants (D:11)
  2 scorpions
  A wyvern zombie (D:6)
  A wyvern skeleton (D:6)
  3 killer bees (D:9)
  An electric eel (Lair:1)
  3 wights (D:9)
  3 howler monkeys
  A bullfrog zombie (D:5)
  Crazy Yiuf (D:2)
  2 gnoll shamans
  A hound (D:7)
  10 orc priests
  2 iguanas (D:5)
  8 orc wizards
  3 howler monkey zombies
  14 gnolls
  An adder (D:4)
  An ufetubus (D:5)
  6 worms
  4 dart slugs
  72 orcs
  3 ball pythons
  6 bats
  4 endoplasms
  5 giant cockroaches
  6 goblins
  7 hobgoblins
  9 jackals
  4 quokkas
  5 frilled lizards
  11 kobolds
  7 rats
351 creatures vanquished.

Vanquished Creatures (collateral kills)
  3 hydras
  A two-headed ogre (D:10)
  5 blink frogs
  A wyvern (Lair:1)
  A basilisk (Lair:1)
  6 yaks
  A golden eye (shapeshifter) (D:10)
  A water moccasin (Lair:1)
  A centaur (D:10)
  2 wolves (Lair:1)
  A bullfrog (Lair:1)
  2 orcs (D:10)
25 creatures vanquished.

Vanquished Creatures (others)
  A wyvern (Lair:2)
  A water moccasin (Lair:2)
  A swamp drake (D:10)
  28 fungi
  5 plants
36 creatures vanquished.

Grand Total: 412 creatures vanquished

Notes
Turn   | Place    | Note
-------+----------+-------------------------------------------
     0 | D:1      | dolemite99 the Deep Dwarf Fighter began the quest for the
                  | Orb.
     0 | D:1      | Reached XP level 1. HP: 20/20 MP: 1/1
   101 | D:1      | Reached skill level 3 in Axes
   113 | D:1      | Reached XP level 2. HP: 10/27 MP: 2/2
   623 | D:1      | Reached XP level 3. HP: 21/33 MP: 2/2
   627 | D:1      | Reached skill level 4 in Axes
   981 | D:2      | Found a faded altar of an unknown god.
   993 | D:2      | Noticed Sigmund
  1008 | D:2      | Killed Sigmund
  1009 | D:2      | Reached skill level 6 in Axes
  1009 | D:2      | Reached XP level 4. HP: 16/40 MP: 3/3
  1009 | D:2      | Reached XP level 5. HP: 19/46 MP: 4/4
  1288 | D:2      | Found a runed translucent door.
  1294 | D:2      | Noticed Crazy Yiuf
  1301 | D:2      | Killed Crazy Yiuf
  1725 | D:3      | Found an ornate altar of the Wu Jian Council.
  1739 | D:3      | Found a shimmering blue altar of Sif Muna.
  1834 | D:3      | Reached skill level 7 in Axes
  1852 | D:3      | Reached XP level 6. HP: 33/55 MP: 5/5
  2041 | D:3      | Found a hide-covered altar of Uskayaw.
  2048 | D:3      | Found a stormy altar of Qazlal.
  2126 | D:3      | Found Dehuts's Weapon Shoppe.
  2293 | D:3      | Found an opulent altar of Gozag.
  3189 | D:5      | Entered Level 5 of the Dungeon
  3208 | D:5      | Found Gaajy's Armour Shop.
  3216 | D:5      | Bought a +1 chain mail of cold resistance for 165 gold
                  | pieces
  3251 | D:5      | Reached skill level 8 in Axes
  3296 | D:5      | Reached XP level 7. HP: 36/61 MP: 5/5
  3302 | D:5      | Reached skill level 10 in Axes
  3344 | D:5      | Found a transporter.
  3346 | D:5      | Found a transporter.
  3347 | D:5      | Noticed Foxy's ghost (novice VSTm)
  3412 | D:5      | Reached XP level 8. HP: 31/68 MP: 6/6
  3420 | D:5      | Found a glowing golden altar of the Shining One.
  3473 | D:5      | Found an ancient bone altar of Kikubaaqudgha.
  3488 | D:5      | Reached skill level 11 in Axes
  4409 | D:6      | Reached skill level 12 in Axes
  4512 | D:6      | Found a staircase to the Ecumenical Temple.
  4519 | Temple   | Entered the Ecumenical Temple
  4547 | Temple   | Became a worshipper of Makhleb the Destroyer
  4780 | D:6      | Gained mutation: You passively map the area around you.
                  | [Deep Dwarf growth]
  4780 | D:6      | Reached XP level 9. HP: 28/75 MP: 5/5
  5662 | D:7      | Reached skill level 5 in Fighting
  6009 | D:7      | Noticed Pikel
  6059 | D:7      | Killed Pikel
  6368 | D:8      | Found a hazy altar of Hepliaklqana.
  6487 | D:8      | Noticed a two-headed ogre
  6508 | D:8      | HP: 2/88 [two-headed ogre (8)]
  6524 | D:8      | Killed a two-headed ogre
  6525 | D:8      | Reached XP level 10. HP: 14/98 MP: 2/2
  6631 | D:8      | Noticed Joseph
  6649 | D:8      | Killed Joseph
  6817 | D:8      | Reached * piety under Makhleb
  6888 | D:8      | Reached skill level 1 in Invocations
  7002 | D:8      | Reached skill level 5 in Armour
  7136 | D:8      | Noticed Gastronok
  7181 | D:8      | Noticed a moth of wrath
  7183 | D:8      | Found a bloodstained altar of Trog.
  7256 | D:8      | HP: 4/98 [Gastronok (18)]
  7264 | D:8      | Killed Gastronok
  7265 | D:8      | Reached skill level 5 in Invocations
  7606 | D:9      | Noticed an orange demon
  7690 | D:9      | Found a runed translucent gate.
  7690 | D:9      | Found a runed translucent gate.
  7690 | D:9      | Found a runed translucent gate.
  7690 | D:9      | Noticed a glowing orange brain
  7691 | D:9      | Noticed a white ugly thing
  7691 | D:9      | Noticed a brown ugly thing
  7691 | D:9      | Noticed an eye of devastation
  7691 | D:9      | Noticed a green ugly thing
  7691 | D:9      | Noticed a red ugly thing
  7695 | D:9      | Noticed a green ugly thing
  7696 | D:9      | Noticed a two-headed ogre
  7696 | D:9      | an eye of devastation changed into a two-headed ogre
  7696 | D:9      | Noticed a cyan ugly thing
  7697 | D:9      | Noticed a glowing shapeshifter
  7697 | D:9      | a two-headed ogre changed into a glowing shapeshifter
  7698 | D:9      | Noticed a mana viper
  7698 | D:9      | a glowing shapeshifter changed into a mana viper
  7701 | D:9      | a mana viper changed into a wind drake
  7706 | D:9      | Noticed a salamander
  7706 | D:9      | a wind drake changed into a salamander
  7707 | D:9      | Noticed a cyclops
  7707 | D:9      | a salamander changed into a cyclops
  7811 | D:9      | Noticed Harold
  7833 | D:9      | Killed Harold
  7885 | D:9      | Reached ** piety under Makhleb
  7981 | D:9      | Reached skill level 13 in Axes
  8025 | D:9      | Reached XP level 11. HP: 47/101 MP: 3/3
  8536 | D:10     | Entered Level 10 of the Dungeon
  8537 | D:10     | Found Vieptomp's Armour Shoppe.
  8541 | D:10     | Bought a +1 kite shield of reflection for 162 gold pieces
  8679 | D:10     | HP: 4/104 [komodo dragon (24)]
  8702 | D:10     | Noticed a two-headed ogre
  8714 | D:10     | Killed a two-headed ogre
  8715 | D:10     | Reached skill level 5 in Shields
  9011 | D:10     | Reached *** piety under Makhleb
  9016 | D:10     | Noticed a two-headed ogre
  9030 | D:10     | Killed a two-headed ogre
  9040 | D:10     | Noticed an eight-headed hydra
  9437 | D:10     | Noticed a two-headed ogre
  9485 | D:10     | Killed a two-headed ogre
  9603 | D:10     | Reached skill level 5 in Evocations
  9609 | D:10     | Killed an eight-headed hydra
  9766 | D:10     | Noticed a harpy
  9771 | D:10     | a harpy changed into a golden eye
 10075 | D:10     | Reached skill level 1 in Slings
 10075 | D:10     | Reached XP level 12. HP: 50/112 MP: 2/2
 10217 | D:10     | Found a glowing silver altar of Zin.
 10589 | D:10     | Found a staircase to the Orcish Mines.
 11252 | D:11     | Reached skill level 5 in Slings
 11433 | D:11     | Reached **** piety under Makhleb
 11451 | D:11     | Found a staircase to the Lair.
 12054 | Lair:1   | Entered Level 1 of the Lair of Beasts
 12068 | Lair:1   | Noticed an eight-headed hydra
 12077 | Lair:1   | Killed an eight-headed hydra
 12421 | Lair:1   | Identified a scroll of acquirement
 12421 | Lair:1   | Acquired 862 gold pieces
 13237 | Lair:2   | Noticed a five-headed hydra
 13240 | Lair:2   | Reached skill level 10 in Invocations
 13251 | Lair:2   | Killed a five-headed hydra
 13449 | Lair:2   | Found a staircase to the Swamp.
 13468 | Lair:2   | Noticed Prince Ribbit
 13477 | Lair:2   | Killed Prince Ribbit
 14051 | Lair:2   | Found a staircase to the Snake Pit.
 14840 | Lair:3   | Noticed a four-headed hydra
 14857 | Lair:3   | Killed a four-headed hydra
 14858 | Lair:3   | Reached XP level 13. HP: 61/118 MP: 4/4
 15012 | Lair:3   | Reached skill level 10 in Shields
 15858 | Lair:4   | Slain by a komodo dragon

Illustrated notes

Levels and vault maps discovered:
D:1:      co_arrival_two_rings, layout_rooms, minmay_liquid_box, minmay_tripent
D:2:      layout_loops_cross, ebering_ecumenical_altar_rust, uniq_sigmund,
          uniq_crazy_yiuf_cottage
D:3:      layout_basic, nicolae_gozag_seed_capital, minitemple,
          nicolae_overflow_squiral, serial_shops,
          nicolae_shop_bloodbath_and_beyond
D:4:      minmay_door_path, layout_gridville
D:5:      layout_basic, mainiacjoe_overflow_large_starburst, serial_shops,
          nicolae_shop_trees, gammafunk_ghost_hive
D:6:      kennysheep_steamy, layout_loops_corners,
          minmay_temple_entry_sparse_star, serial_glass, glass_columns_a,
          glass_columns_b
D:7:      layout_loops_ring, uniq_pikel
D:8:      layout_loops_ring, tgw_trog, mainiacjoe_overflow_cross_hatched,
          special_room [special_room_orc], skrybe_limestone_x, uniq_joseph,
          uniq_gastronok
D:9:      layout_roguey [special_room_orc],
          ploomutoo_gammafunk_ghost_potion_laboratory,
          hellmonk_bongcloud_opening, uniq_harold
D:10:     hangedman_cross_cluster, layout_long_grid, lemuel_tele_altar,
          erik_orc_1, serial_shops, nicolae_shop_competitors_out_of_business
D:11:     layout_layer_cave, erik_lair_orcish_takeover
Temple:   minmay_temple_bridge_abc
Lair:1:   layout_cave_pods, grunt_megastairs_5, lemuel_fruit_tree,
          infiniplex_staircase_pool
Lair:2:   layout_small_grid, swamp_mist, guppyfry_snake_entry_garden,
          beast_lair_carwin_5, uniq_prince_ribbit2
Lair:3:   layout_loops_ring
Lair:4:   minmay_lair_oklob_tunnel, layout_gridlike, uniq_kirke

Skill      XL: |  1  2  3  4  5  6  7  8  9 10 11 12 13 |
---------------+----------------------------------------+-----
Axes           | 3 6 7 8 10 12 13 | 13.2
Fighting       | 3 8 |  8.5
Armour         | 7 |  7.8
Invocations    | 7 8 11 12 | 12.1
Shields        | 8 9 10 | 10.6
Evocations     | 7 |  7.0
Slings         | 1 9 |  9.2

Action                   |  1- 3 |  4- 6 |  7- 9 | 10-12 | 13-15 || total
-------------------------+-------+-------+-------+-------+-------++-------
Melee: War axe           |    80 |    91 |   181 |   579 |    56 ||   987
       Whip              |       |    53 |   114 |       |       ||   167
 Fire: Hand crossbow     |       |       |    24 |    37 |       ||    61
       Fustibalus        |       |       |       |   205 |    27 ||   232
Throw: Dart              |       |       |    12 |    21 |       ||    33
       Boomerang         |       |       |     4 |       |       ||     4
Invok: Minor Destruction |       |       |       |    10 |    18 ||    28
       Lesser Servant of |       |       |       |    11 |     1 ||    12
 Abil: Heal Wounds       |     1 |     2 |    15 |    40 |     2 ||    60
Evoke: Wand              |       |       |       |    23 |     1 ||    24
       Box of beasts     |       |       |       |       |     1 ||     1
  Use: Potion            |     2 |     1 |     1 |     4 |       ||     8
       Scroll            |       |     4 |     6 |    10 |     1 ||    21
 Stab: Invisible         |     1 |       |     1 |       |       ||     2
       Distracted        |       |       |       |     2 |       ||     2
       Confused          |       |       |       |     2 |       ||     2
Armor: Scale mail        |    53 |    46 |       |       |       ||    99
       Chain mail        |       |    31 |   149 |   382 |    38 ||   600
Dodge: Dodged            |    45 |    63 |    91 |   167 |    23 ||   389
Block: Buckler           |    16 |    28 |    58 |    45 |       ||   147
       Kite shield       |       |       |       |   255 |    46 ||   301
       Reflection        |       |       |       |    12 |       ||    12

Table legend: (Time is in decaauts)
 A = Elapsed time spent in this place.
 B = Non-inter-level travel time spent in this place.
 C = Inter-level travel time spent in this place.
 D = Time resting spent in this place.
 E = Time spent auto-exploring this place.
 F = Levels seen in this place.
 G = Mean time per level.
                   A        B        C        D        E       F      G
               +--------+--------+--------+--------+--------+-----+--------+
         Total |  15898 |  15061 |    837 |   2232 |   8392 |  16 |  993.6 |
       Dungeon |  12074 |  11318 |    756 |   1624 |   6120 |  11 | 1097.6 |
        Temple |     47 |     30 |     17 |      0 |     19 |   1 |   47.0 |
          Lair |   3776 |   3712 |     64 |    607 |   2253 |   4 |  944.0 |
               +--------+--------+--------+--------+--------+-----+--------+

Top non-repeatable levels by time:
    D:10: 2192 daAuts
  Lair:2: 1613 daAuts
     D:6: 1347 daAuts
     D:8: 1274 daAuts
     D:9: 1218 daAuts
  Lair:1: 1144 daAuts
    D:11: 1117 daAuts
     D:1: 976 daAuts
     D:4: 888 daAuts
     D:7: 884 daAuts
     D:3: 807 daAuts
  Lair:3: 773 daAuts
     D:5: 686 daAuts
     D:2: 678 daAuts
  Lair:4: 244 daAuts
